 Dungeon Crawl Stone Soup version 0.15-b1-109-g30c8d52 (webtiles) character file.

116 Econoterrorist the Cudgeler (level 5, -1/35 HPs)
             Began as a Gargoyle Fighter on Aug 22, 2014.
             Killed from afar by an orc wizard (6 damage)
             ... with a puff of flame
             ... on Level 3 of the Dungeon.
             The game lasted 00:09:59 (2615 turns).

Econoterrorist the Cudgeler (Gargoyle Fighter)      Turns: 2615, Time: 00:09:59

HP  -1/35        AC 12     Str 25      XL: 5   Next:  1%
MP   5/5         EV  7     Int  9      God:
Gold 132         SH 10     Dex  9      Spells:  0 memorised,  4 levels left

rFire  . . .     SeeInvis .     a - +0 flail
rCold  . . .     Clarity  .     b - +0 scale mail
rNeg   + . .     rCorr    .     c - +1 shield
rPois  +         rRot     +     (no helmet)
rElec  +         Spirit   .     (no cloak)
SustAb .         Warding  .     (no gloves)
rMut   .         Stasis   .     (no boots)
Gourm  .                        (no amulet)
MR     .....                    (no ring)
                                (no ring)

@: mighty, flying, not resistant to hostile enchantments, extremely unstealthy
A: thin metallic scales 1, negative energy resistance 1, robust 1, electricity
resistance, spit poison 1, unbreathing, petrification resistance, rot immunity,
AC +4
a: Spit Poison


You were on level 3 of the Dungeon.
You were hungry.

You visited 1 branch of the dungeon, and saw 3 of its levels.

You collected 132 gold pieces.

Inventory:

Hand weapons
 a - a +0 flail (weapon)
Missiles
 n - 8 javelins (quivered)
 o - 2 throwing nets
Armour
 b - a +0 scale mail (worn)
 c - a +1 shield (worn)
Comestibles
 d - 2 bread rations
Scrolls
 h - a scroll of immolation {unknown}
 i - a scroll of teleportation {unknown}
 l - a scroll of fog {unknown}
Potions
 e - 2 potions of might
 f - a potion of porridge


   Skills:
 - Level 3.2 Fighting
 + Level 5.0 Maces & Flails
 - Level 3.2 Armour
 - Level 3.2 Shields


You had 4 spell levels left.
You didn't know any spells.

Dungeon Overview and Level Annotations

Branches:
Dungeon (3/15)

Altars:
Kikubaaqudgha
Trog
Zin


Innate Abilities, Weirdness & Mutations

You are resistant to torment.
You are immune to poison.
Your stone body is very resilient (AC +4).
You resist negative energy.
You are resistant to electric shocks.
You can survive without breathing.
You are immune to petrification.
You are immune to rotting.
You are partially covered in thin metallic scales (AC +2).
You are robust (+10% HP).
You can spit poison.


Message History

You kill the orc!
Your Maces & Flails skill increases to level 5!
Something hits you but does no damage.
You sock the orc!
You kill the orc!
You have reached level 5!
You block its attack.
You closely miss something. You block its attack.
You hit something. Something hits you but does no damage.
You hit something.
You hear some strange, mumbled words.
The magic dart hits you!
You hear some strange, mumbled words.
The magic dart hits you!
* * * LOW HITPOINT WARNING * * *
You closely miss something. Something hits you but does no damage.
You closely miss something.
You hear some strange, mumbled words.
The puff of flame hits you!
You die...

..#.#####.#####...##...###
.##.##...........####...
.............##.## ##..
###..#.#.#.......# ##.
#.#........####.## #
.....#.#.#.####.#
#.##...%........#####
#.##.#.#.#..###..)..#
............# #.@#........
#.######....# #..#..##...
..# ###### #.....# . ###
##.##.# #.# .# #.# .# #..
.# ###


There were no monsters in sight!

Vanquished Creatures
  3 adders
  2 worms (D:2)
  2 giant geckos
  3 orcs (D:3)
  4 giant cockroaches
  14 hobgoblins
  2 jackals (D:2)
  11 kobolds
  2 quokkas (D:3)
  2 ball pythons
  7 bats
  5 giant newts
  5 goblins
  10 rats
72 creatures vanquished.

Vanquished Creatures (others)
  A human (D:2)
1 creature vanquished.

Grand Total: 73 creatures vanquished

Notes
Turn   | Place    | Note
--------------------------------------------------------------
     0 | D:1      | Econoterrorist, the Gargoyle Fighter, began the quest for the Orb.
     0 | D:1      | Reached XP level 1. HP: 14/14 MP: 1/1
   113 | D:1      | Reached XP level 2. HP: 12/19 MP: 2/2
   596 | D:1      | Reached XP level 3. HP: 21/23 MP: 3/3
   967 | D:2      | Reached skill level 4 in Maces & Flails
  1147 | D:2      | Reached XP level 4. HP: 25/28 MP: 4/4
  1282 | D:2      | Found an ancient bone altar of Kikubaaqudgha.
  1284 | D:2      | Noticed a human
  1286 | D:2      | Killed a human
  1640 | D:2      | Found a bloodstained altar of Trog.
  2224 | D:3      | Found a glowing silver altar of Zin.
  2604 | D:3      | Gained mutation: You are partially covered in thin metallic scales (AC +2). [potion of mutation]
  2604 | D:3      | Gained mutation: You are robust (+10% HP). [potion of mutation]
  2604 | D:3      | Gained mutation: You can spit poison. [potion of mutation]
  2609 | D:3      | Reached skill level 5 in Maces & Flails
  2610 | D:3      | Reached XP level 5. HP: 5/35 MP: 5/5
  2615 | D:3      | Killed from afar by an orc wizard

Action                   |  1- 3 |  4- 6 || total
-------------------------+-------+-------++-------
Melee: Flail             |   128 |   132 ||   260
  Use: Potion            |       |     5 ||     5
       Scroll            |       |     2 ||     2
  Eat: Chunk             |     1 |     4 ||     5
